AoeStats
← FJL

Hideout

503285400Analyzed
4v4 RM · 1mo ago on Aug 31, 2026· 27m 17s· 8 players
Game mode
Random Map
Map size
Large (8 player)
Population
200
Speed
Normal
Resources
Standard
Victory
Conquest
Starting age
Dark Age
Ending age
Imperial Age
RankedLock teamsTeams togetherTeam positionsShared explorationLock speedFull tech treeHidden civsTurbo modeCheats
Victory
Defeat
🇦🇷 Saracens · Argentina
1436
+17
🇦🇷 Persians · Argentina
1398
+19
🇦🇷 Hindustanis · Argentina
1385
+19
🇦🇷 Italians · Argentina
1333
+22
🇦🇷 Portuguese · Argentina
1526
-22
🇩🇪 Hindustanis · Germany
1487
-20
🇦🇷 Persians · Argentina
1434
-18
🇺🇸 Saracens · United States
1395
-16
Snorkiss89
8:43 Feudal Age
9:18 Double-Bit Axe
10:34 Loom
11:14 Fletching
16:10 Padded Archer Armor
Alfalfa
8:53 Feudal Age
9:40 Horse Collar
14:45 Scale Barding Armor
17:12 Bloodlines
20:40 Wheelbarrow
23:50 Castle Age
21:48 Double-Bit Axe
22:12 Gold Mining
23:55 Forging
M*rpheu$
10:21 Feudal Age
15:11 Castle Age
14:01 Double-Bit Axe
14:08 Horse Collar
17:03 Loom
18:54 Heavy Plow
21:08 Bow Saw
22:28 Wheelbarrow
24:33 Town Watch
25:23 Scale Barding Armor
25:29 Forging
26:39 Husbandry
26:49 Bloodlines
29:51 Imperial Age
.
10:10 Feudal Age
8:45 Loom
14:12 Castle Age
12:07 Double-Bit Axe
FJL
6:03 Loom
8:52 Feudal Age
9:23 Double-Bit Axe
13:09 Fletching
16:17 Padded Archer Armor
24:52 Castle Age
23:52 Gold Mining
23:45 Horse Collar
25:29 Bodkin Arrow
24:54 Crossbowman
26:36 Bow Saw
27:52 Leather Archer Armor
Don Tani
6:41 Loom
8:57 Feudal Age
11:19 Town Watch
13:24 Fletching
16:18 Double-Bit Axe
16:19 Horse Collar
21:39 Castle Age
21:54 Padded Archer Armor
21:48 Crossbowman
22:34 Bodkin Arrow
26:02 Bow Saw
25:55 Heavy Plow
Julio Argentino Roca
6:36 Loom
9:01 Feudal Age
10:33 Double-Bit Axe
10:30 Horse Collar
16:34 Scale Barding Armor
20:01 Bloodlines
20:04 Forging
23:59 Castle Age
24:42 Husbandry
25:04 Chain Barding Armor
25:49 Bow Saw
ROSHI EL MAESTRO DEL AGE
6:21 Loom
9:04 Feudal Age
11:36 Double-Bit Axe
17:22 Gold Mining
20:13 Castle Age
18:11 Gold Mining
18:56 Scale Barding Armor
19:46 Bloodlines
20:30 Forging
22:13 Chain Barding Armor
Connection lost

Rejoining the realm…

Still unreachable

The connection could not be restored.

Session expired

The server has moved on; the page needs a fresh start.